 Dungeon Crawl Stone Soup version 0.28.0-47-ge53b351184 (webtiles) character file.

Game seed: 1140810944630319770

280 101zpm the Magician (level 6, -6/41 HPs)
             Began as a Djinni Ice Elementalist on Apr 26, 2022.
             Killed from afar by a white imp (16 damage)
             ... with a puff of frost
             ... on level 5 of the Dungeon.
             The game lasted 00:05:10 (4259 turns).

101zpm the Magician (Djinni Ice Elementalist)       Turns: 4259, Time: 00:05:10

Health: -6/41      AC:  2    Str:  7    XL:     6   Next: 52%
Gold:   196        EV: 12    Int: 19    God:
                   SH:  0    Dex: 13

rFire   + + .      SeeInvis .   c - +2 war axe (freeze)
rCold   x . .      Faith    .   (no shield)
rNeg    . . .      Spirit   .   a - +0 robe
rPois   ∞          Reflect  .   (no helmet)
rElec   .          Harm     .   (no cloak)
rCorr   .          Rampage  .   (no gloves)
Will    .....                   (boots unavailable)
Stlth   ++........              (no amulet)
HPRegen 0.13/turn               (no ring)
MPRegen 0.00/turn               (no ring)

@: freezing walls, flying
A: sickness immunity, fire resistance 2, cold vulnerability 1, float, innate
caster, HP casting, extra vitality 1
a: no special abilities


You were on level 5 of the Dungeon.
You visited 1 branch of the dungeon, and saw 5 of its levels.

You collected 196 gold pieces.

Inventory:

Hand Weapons
 c - a +2 war axe of freezing (weapon)
Armour
 a - a +0 robe (worn)
Jewellery
 j - an amulet of faith
Wands
 d - a wand of flame (23)
 m - a wand of mindburst (4)
Scrolls
 b - 5 scrolls of identify {unknown}
 e - a scroll of noise {unknown}
 f - a scroll of blinking {unknown}
 h - a scroll of amnesia {unknown}
 i - a scroll of magic mapping {unknown}
Potions
 g - a potion of haste {unknown}
 k - a potion of might {unknown}
 l - a potion of ambrosia {unknown}


   Skills:
 + Level 0.7 Fighting
 + Level 1.1 Axes
 + Level 2.8 Dodging
 + Level 2.1 Stealth
 + Level 0.2 Unarmed Combat
 + Level 5.1 Spellcasting


You had one spell level left.
You knew the following spells:

 Your Spells              Type           Power      Damage    Failure   Level
a - Freeze                Ice            96%        1d11      1%          1
b - Frozen Ramparts       Ice            48%        1d6       4%          3
c - Ozocubu's Armour      Ice            24%        N/A       4%          3
d - Hailstorm             Conj/Ice       24%        3d7       14%         4
e - Summon Small Mammal   Summ           96%        N/A       1%          1
f - Corpse Rot            Necr/Air       48%        N/A       2%          2
Your spell library was empty.

Dungeon Overview and Level Annotations

Branches:
Dungeon (5/15)
 Temple: D:4-7

Altars:
Sif Muna

Portals:
Abyss: D:3

Annotations:
D:3 2 transporters, Zippel's ghost, amateur OpIE


Innate Abilities, Weirdness & Mutations

You are immune to sickness and miasma.
You are immune to poison.
Your flesh is very heat resistant. (rF++)
You are vulnerable to cold. (rC-)
You float through the air rather than walking.
You learn spells naturally, not from books.
Your magical power is your life essence.
You have superior vitality. (+4 MHP)


Message History

You are too injured to fight recklessly!
You are too injured to fight recklessly!
You are too injured to fight recklessly!
Casting: Summon Small Mammal (safe; 1% risk of failure)
Confirm with . or Enter, or press ? or * to list all spells.
Casting: Frozen Ramparts (dangerous; 4% risk of failure)
Press: ? - help, Dir - look around, f - activate
Okay, then.
A water moccasin zombie comes into view.
Casting: Frozen Ramparts (dangerous; 4% risk of failure)
Confirm with . or Enter, or press ? or * to list all spells.
Casting: Frozen Ramparts (dangerous; 4% risk of failure)
Press: ? - help, Dir - look around, f - activate The walls around you are covered in ice.
* * * LOW HITPOINT WARNING * * *
The white imp resists.
The wall freezes the white imp.
The white imp completely misses you.
The bullfrog zombie completely resists.
The wall freezes the bullfrog zombie but does no damage.
You hit the white imp.
The white imp is heavily wounded.
The bullfrog zombie completely resists.
The wall freezes the bullfrog zombie but does no damage.
The white imp completely resists.
The wall freezes the white imp but does no damage.
The white imp hits you but does no damage.
The wall freezes the orc wizard.
The orc wizard mumbles some strange words.
The orc wizard flickers and vanishes!
Deactivating autopickup; reactivate with Ctrl-A.
The bullfrog zombie completely resists.
The wall freezes the bullfrog zombie but does no damage.
You hit the white imp.
The white imp is almost dead.
The white imp completely resists.
The wall freezes the white imp but does no damage.
The white imp closely misses you.
The wall freezes something.
The white imp resists.
The wall freezes the white imp.
The white imp gestures at you. The puff of frost hits you!
You feel a terrible chill!
You die...

## ..# ####..#..
#############........
####......##............
..........#..##.@####.
###.####....###5##
#.....##...## #.#
.......#..## #Z.
.......#..# ...o
..._.....## .....
.......#.# .......
.......#... .#...o.#
#.....##..# ..#.....#


You could see a white imp and a bullfrog zombie.

Vanquished Creatures
  A scorpion (D:3)
  A jelly (D:4)
  An iguana (D:4)
  A hound skeleton (D:2)
  3 adders (D:2)
  3 gnolls (D:3)
  2 worms
  2 dart slugs (D:2)
  8 orcs
  3 endoplasms
  2 giant cockroaches
  3 hobgoblins (D:3)
  4 jackals
  4 kobolds
  A quokka (D:4)
  A ball python (D:1)
  2 bats
  A frilled lizard (D:3)
  5 goblins
  A rat (D:3)
49 creatures vanquished.

Vanquished Creatures (collateral kills)
  An orc priest (D:3)
  A dart slug (D:3)
2 creatures vanquished.

Grand Total: 51 creatures vanquished

Notes
Turn   | Place    | Note
-------+----------+-------------------------------------------
     0 | D:1      | 101zpm the Djinni Ice Elementalist began the quest for the
                  | Orb.
     0 | D:1      | Reached XP level 1. HP: 15/15 MP: 0/0
   785 | D:1      | Reached XP level 2. HP: 18/21 MP: 0/0
  1151 | D:3      | Noticed a small abomination
  1255 | D:3      | Noticed a small abomination
  1255 | D:3      | Noticed Zippel's ghost (amateur OpIE)
  1256 | D:3      | Noticed a kobold brigand
  1259 | D:3      | Noticed a scorpion
  1267 | D:3      | Killed a scorpion
  1268 | D:3      | Reached skill level 4 in Spellcasting
  1268 | D:3      | Reached XP level 3. HP: 19/25 MP: 0/0
  1268 | D:3      | Learned a level 1 spell: Summon Small Mammal
  1268 | D:3      | Reached XP level 4. HP: 24/31 MP: 0/0
  1345 | D:3      | Found a transporter.
  1353 | D:3      | Found a transporter.
  1440 | D:3      | Found a one-way gate to the infinite horrors of the Abyss.
  1628 | D:3      | Reached XP level 5. HP: 19/35 MP: 0/0
  1628 | D:3      | Learned a level 2 spell: Corpse Rot
  2992 | D:2      | Reached skill level 5 in Spellcasting
  2992 | D:2      | Reached XP level 6. HP: 31/41 MP: 0/0
  3806 | D:4      | Reached skill level 1 in Axes
  4221 | D:5      | Entered Level 5 of the Dungeon
  4259 | D:5      | Killed from afar by a white imp

Illustrated notes

Levels and vault maps discovered:
D:1:      dpeg_chamrin_arrival_tetris, layout_rooms,
          ebering_ecumenical_altar_mist
D:2:      layout_basic, kennysheep_cross_room, minmay_3d_cube
D:3:      layout_loops_corners, gammafunk_ghost_abyssal_escape, fountainhead,
          grunt_ministairs_13, wander_ebering_terrifying_dragon_lair
D:4:      layout_basic
D:5:      layout_rooms, old_standard_altar, nicolae_overflow_hidden_temple,
          kennysheep_mini_moat, temple_hall

Skill      XL: |  1  2  3  4  5  6 |
---------------+-------------------+-----
Spellcasting   | 4 5 |  5.1
Stealth        | 2 |  2.1
Axes           | 1 |  1.1
Fighting       | |  0.7
Dodging        | |  2.8
Unarmed Combat | |  0.2

Action                   |  1- 3 |  4- 6 || total
-------------------------+-------+-------++-------
Melee: Unarmed           |     1 |     3 ||     4
       War axe           |       |    67 ||    67
 Cast: Freeze            |    21 |    12 ||    33
       Summon Small Mamm |       |    10 ||    10
       Frozen Ramparts   |       |     6 ||     6
       Ozocubu's Armour  |       |     1 ||     1
 Stab: Sleeping          |       |     1 ||     1
Armor: Robe              |     2 |    16 ||    18
Dodge: Dodged            |    13 |    67 ||    80
